cohdb
Replays
Latest Replays
All Replays
Popular Replays
Top Player Replays
Match Explorer
How It Works
Community
CoH3 Stats
Reddit
Sign in to upload your games and track your stats! →
Sign in with Steam
Match 47253541
Unlisted
Match 47253541
Overview
Messages
Build Orders
End
Kradschützen Motorcycle Team
Panzergrenadier Squad
Panzergrenadier Squad
250 Light Carrier
Construct Light Support Kompanie
Selects Panzerjäger Kommand Battlegroup
Selects GrB 39 Grenade Launcher Requisition
Panzerjäger Squad
Panzerjäger Mechanized Group
MG34 Team
Fire Support Elements
Flakvierling Half-track
le.IG 18 Mechanized Group
Vehicle Survival Package
Construct Panzerarmee Kommand
Selects Crew Shock Tactics
Panzer III L Medium Tank
Panzer III L Medium Tank
Panzerpioneer Squad
Selects Anti-tank Overwatch
Anti-tank Overwatch
Tony Horton Pro Skater
daspoulos
crywo1f
PutPut-AutistInPerfection
0
0
Comments
sign in to comment!
No comments posted yet!